 Dungeon Crawl Stone Soup version 0.29.1-13-g9f3cf754e1 (webtiles) character file.

Game seed: 14846226139069241187

7 growler the Trooper (level 1, 0/16 HPs)
             Began as a Demonspawn Wanderer on Feb 8, 2023.
             Constricted to death by a ball python (1 damage)
             ... on level 1 of the Dungeon.
             The game lasted 00:01:07 (166 turns).

growler the Trooper (Demonspawn Wanderer)            Turns: 166, Time: 00:01:08

Health: 0/16       AC:  2    Str:  8    XL:     1   Next: 91%
Magic:  2/2        EV:  9    Int: 12    God:
Gold:   29         SH:  0    Dex: 17    Spells: 2/2 levels left

rFire   . . .      SeeInvis .   a - +2 dagger
rCold   . . .      Faith    .   (no shield)
rNeg    . . .      Spirit   .   f - +0 robe
rPois   .          Reflect  .   (no helmet)
rElec   .          Harm     .   (no cloak)
rCorr   .          Rampage  .   (no gloves)
Will    .....                   (no boots)
Stlth   ++........              (no amulet)
HPRegen 0.05/turn               (no ring)
MPRegen 0.08/turn               (no ring)

@: constricted
A: no striking features
a: no special abilities


You were on level 1 of the Dungeon.
You visited 1 branch of the dungeon, and saw 1 of its levels.

You collected 29 gold pieces.

Inventory:

Hand Weapons
 a - a +2 dagger (weapon)
 c - a +0 sling
Armour
 f - a +0 robe (worn)
Wands
 d - a wand of polymorph (7) (quivered)
Scrolls
 h - a scroll of identify {unknown}
Potions
 b - a potion of haste
 e - a potion of lignification
 g - a potion of resistance {unknown}


   Skills:
 + Level 2.0 Fighting
 - Level 1.7 Ranged Weapons
 - Level 1.0 Armour
 - Level 1.0 Dodging
 - Level 1.7 Stealth
 - Level 1.0 Spellcasting
 - Level 1.2 Invocations
 - Level 1.0 Evocations


You had 2 spell levels left.
You didn't know any spells.
Your spell library was empty.

Dungeon Overview and Level Annotations

Branches:
Dungeon (1/15)

Altars:


Message History

A ball python and a rat come into view.
Found 13 gold pieces.
Found a twisted smoking staff.
The ball python hisses angrily. x2
The ball python closely misses you. The ball python barely misses you.
The ball python closely misses you. The ball python barely misses you.
You hit the rat but do no damage. The ball python barely misses you.
The ball python grabs you. The ball python constricts you.
The ball python barely misses you. The rat bites you but does no damage.
The ball python bites you but does no damage.
The ball python bites you. The ball python constricts you.
You hit the ball python.
The ball python is moderately wounded.
The ball python closely misses you. The ball python constricts you.
The ball python bites you. The rat bites you but does no damage.
You barely miss the ball python.
The ball python is moderately wounded.
The ball python bites you. The ball python constricts you.
The ball python bites you but does no damage.
The rat bites you but does no damage.
You barely miss the ball python.
The ball python is moderately wounded.
The ball python bites you but does no damage.
The ball python constricts you. The ball python bites you.
The rat barely misses you.
You closely miss the ball python.
The ball python is moderately wounded.
The ball python bites you. The ball python constricts you.
The ball python barely misses you. The rat barely misses you.
You hit the ball python.
The ball python is severely wounded.
The ball python closely misses you. The ball python constricts you.
The ball python bites you.
* * * LOW HITPOINT WARNING * * *
The rat misses you. The ball python bites you.
* * * LOW HITPOINT WARNING * * *
The ball python bites you.
* * * LOW HITPOINT WARNING * * *
The ball python constricts you.
You die...

..........# ..........#
..........# ..........#
.......$..####
.............
.|....SrS.# .......@..#
..........#
..........###
#########...############
###>..#.......##
###...........
#............P
#..###.........
.................


You could see 2 ball pythons and a rat.

Vanquished Creatures
  A dart slug (D:1)
  A giant cockroach (D:1)
  A goblin (D:1)
  A ball python (D:1)
  A bat (D:1)
  A rat (D:1)
6 creatures vanquished.

Notes
Turn   | Place    | Note
-------+----------+-------------------------------------------
     0 | D:1      | growler the Demonspawn Wanderer began the quest for the
                  | Orb.
     0 | D:1      | growler set off with the following items: a +2 dagger, a
                  | potion of haste, a +0 sling, a wand of polymorph (7), a
                  | potion of lignification, a +0 robe.
     0 | D:1      | Reached XP level 1. HP: 15/15 MP: 2/2
    62 | D:1      | Reached skill level 2 in Fighting
   166 | D:1      | Constricted to death by a ball python

Illustrated notes

Levels and vault maps discovered:
D:1:      spicycebolla_arrival_clurvy, layout_rooms

Skill      XL: |  1 |
---------------+----+-----
Fighting       | 2 |  2.0
Ranged Weapons | |  1.7
Armour         | |  1.0
Dodging        | |  1.0
Stealth        | |  1.7
Spellcasting   | |  1.0
Invocations    | |  1.2
Evocations     | |  1.0

Action                   || total
-------------------------++-------
Melee: Dagger            ||    26
 Stab: Sleeping          ||     3
Armor: Robe              ||    14
Dodge: Dodged            ||    29
